 Dungeon Crawl Stone Soup version 0.26-a0-466-g989023bd0d (webtiles) character file.

Game seed: 6152362235313901511

79 Lanoc the Ruffian (level 4, 0/36 HPs)
             Began as a Draconian Transmuter on Aug 7, 2020.
             Succumbed to Crazy Yiuf's poison
             ... on level 2 of the Dungeon.
             The game lasted 00:01:42 (1348 turns).

Lanoc the Ruffian (Draconian Transmuter)            Turns: 1348, Time: 00:01:43

Health: 0/36       AC:  5    Str: 13    XL:     4   Next: 16%
Magic:  1/7        EV: 12    Int: 14    God:
Gold:   33         SH:  0    Dex: 11    Spells: 4/7 levels left

rFire    . . .     SeeInvis .     - Unarmed
rCold    . . .     Faith    .   (no shield)
rNeg     . . .     Spirit   .   (armour unavailable)
rPois    .         Reflect  .   (helmet currently unavailable)
rElec    .         Harm     .   (no cloak)
rCorr    .                      (no gloves)
MR       .....                  (boots currently unavailable)
Stlth    +.........             (no amulet)
HPRegen  0.12/turn              (no ring)
MPRegen  0.10/turn              (no ring)

@: lethally poisoned (0 -> -13), appendages (expiring), wereblooded
A: unfitting armour, horns 2, talons 2, cold-blooded, AC +5
a: End Transformation


You were on level 2 of the Dungeon.
You had grown temporary horns.
You had grown temporary talons.
You visited 1 branch of the dungeon, and saw 2 of its levels.

You collected 33 gold pieces.

Inventory:

Scrolls
 a - a scroll of enchant armour {unknown}
 b - 2 scrolls of remove curse {unknown}
 c - a scroll of amnesia {unknown}
 d - 2 scrolls of identify {unknown}
 e - a scroll of teleportation {unknown}


   Skills:
 + Level 1.9 Fighting
 + Level 2.3 Dodging
 * Level 3.7 Unarmed Combat
 - Level 2.0 Spellcasting
 * Level 3.0 Transmutations


You had 4 spell levels left.
You knew the following spells:

 Your Spells              Type           Power        Failure   Level
a - Beastly Appendage     Tmut           ##....       7%          1
b - Wereblood             Tmut           ##......     10%         2

Your spell library contained the following spells:

 Spells                   Type           Power        Failure   Level
 Spider Form              Tmut/Pois      #.........   36%         3
 Ice Form                 Ice/Tmut       #.......     77%         4
 Blade Hands              Tmut           ##........   88%         5


Dungeon Overview and Level Annotations

Branches:
Dungeon (2/15)

Altars:


Innate Abilities, Weirdness & Mutations

Your plain brown scales are hard. (AC +5)
You cannot fit into any form of body armour.
You are cold-blooded and may be slowed by cold attacks.
You have a pair of horns on your head.
You have razor-sharp toenails.


Message History

You are lethally poisoned!
You hit Crazy Yiuf.
Your tail-slap misses Crazy Yiuf.
Crazy Yiuf is almost dead.
* * * LOW HITPOINT WARNING * * *
You feel sick.
You hit Crazy Yiuf but do no damage. You tail-slap Crazy Yiuf.
You kill Crazy Yiuf!
Your Transmutations skill increases to level 3!
You have reached level 4!
You feel stronger.
* * * LOW HITPOINT WARNING * * *
You feel sick.
You aren't carrying any potions.
You howl as the wereblood boils in your veins!
* * * LOW HITPOINT WARNING * * *
You feel sick.
There is an open translucent door, spattered with blood here.
Things that are here:
a +2 quarterstaff of chaos; a +0 cloak; the gnoll corpse of Crazy Yiuf You die...

#....##.# #.#>#.#.# #....##.##
#.#.#.#.######## ####.....#
#.#.#..........# #....##
#############..# #....# #..#
#.#### #..# #.# #### ♣♣##..# #.#
#)..#♣♣ ♣♣.....# #.#
#...)@♣♣♣♣......# ####.####
#...#♣..♣......####### #.......#
#### ♣♣♣.♣............ #>......#
♣♣♣♣♣##.##...## #.##.##.#
#.##...## #.##.##.##
#############.##...##
#.##.###(###.#...........##...##
#.##.........##.........###...##
#.######......#.........# #...##


There were no monsters in sight!

Vanquished Creatures
  Crazy Yiuf (D:2)
  2 adders (D:2)
  2 worms (D:2)
  2 bats (D:2)
  A giant cockroach (D:2)
  4 hobgoblins (D:2)
  4 jackals (D:2)
  5 kobolds (D:2)
  A quokka (D:2)
  A frilled lizard (D:1)
  3 rats (D:2)
26 creatures vanquished.

Notes
Turn   | Place    | Note
-------+----------+-------------------------------------------
     0 | D:1      | Lanoc the Draconian Transmuter began the quest for the Orb.
     0 | D:1      | Reached XP level 1. HP: 16/16 MP: 3/3
    61 | D:2      | Reached XP level 2. HP: 18/23 MP: 3/5
    65 | D:2      | Learned a level 2 spell: Wereblood
   405 | D:2      | Reached XP level 3. HP: 14/28 MP: 2/6
  1333 | D:2      | Found a runed translucent door.
  1334 | D:2      | Noticed Crazy Yiuf
  1346 | D:2      | Killed Crazy Yiuf
  1346 | D:2      | Reached XP level 4. HP: 3/36 MP: 0/7
  1347 | D:2      | HP: 1/36 [poisoned by Crazy Yiuf]
  1348 | D:2      | Succumbed to Crazy Yiuf's poison

Illustrated notes

Levels and vault maps discovered:
D:1:      mrwooster_arrival_statue, layout_rooms, hex_intersection,
          chequers_garden, minmay_misc_feat_nine_boxes
D:2:      layout_basic, uniq_crazy_yiuf_cottage

Skill      XL: |  1  2  3 |
---------------+----------+-----
Dodging        | 2 |  2.3
Transmutations | 3 |  3.0
Fighting       | |  1.9
Unarmed Combat | |  3.7
Spellcasting   | |  2.0

Action                   |  1- 3 |  4- 6 || total
-------------------------+-------+-------++-------
Melee: Unarmed           |   100 |       ||   100
       Headbutt          |     6 |       ||     6
       Tailslap          |    16 |       ||    16
       Kick              |    10 |       ||    10
 Cast: Beastly Appendage |    12 |       ||    12
       Wereblood         |     6 |       ||     6
Armor: Skin              |    36 |       ||    36
Dodge: Dodged            |    71 |       ||    71

Table legend: (Time is in decaauts)
 A = Elapsed time spent in this place.
 B = Non-inter-level travel time spent in this place.
 C = Inter-level travel time spent in this place.
 D = Time resting spent in this place.
 E = Time spent auto-exploring this place.
 F = Levels seen in this place.
 G = Mean time per level.
                   A        B        C        D        E       F      G
               +--------+--------+--------+--------+--------+-----+--------+
         Total |   1341 |   1335 |      6 |      0 |   1141 |   2 |  670.5 |
       Dungeon |   1341 |   1335 |      6 |      0 |   1141 |   2 |  670.5 |
               +--------+--------+--------+--------+--------+-----+--------+

Top non-repeatable levels by time:
     D:2: 1303 daAuts
     D:1: 38 daAuts
